 Dungeon Sprint DCSS version 0.28.0-47-ge53b351184 (webtiles) character file.

Game seed: 8090350383283309926

6 browni3141 the Skirmisher (level 1, -3/39 HPs)
             Began as an Ogre Berserker on May 4, 2022.
             Was a Believer of Trog.
             Slain by an ogre
             ... wielding a +0 giant club
              (29 damage)
             ... in the Dungeon (Sprint IX: "|||||||||||||||||||||||||||||").
             The game lasted 00:00:08 (46 turns).

browni3141 the Skirmisher (Ogre Berserker)            Turns: 46, Time: 00:00:08

Health: -3/39      AC:  3    Str: 20    XL:     1   Next: 90%
Magic:  1/1        EV: 10    Int:  8    God:    Trog [**....]
Gold:   0          SH:  0    Dex:  8    Spells: 0/0 levels left

rFire   . . .      SeeInvis .   a - +0 mace
rCold   . . .      Faith    .   (no shield)
rNeg    . . .      Spirit   .   b - +0 animal skin
rPois   .          Reflect  .   (helmet restricted)
rElec   .          Harm     .   (no cloak)
rCorr   .          Rampage  .   (gloves unavailable)
Will    .....      NoTele   +   (boots unavailable)
Stlth   ..........              (no amulet)
HPRegen 0.13/turn               (no ring)
MPRegen 0.07/turn               (no ring)

@: berserking, very quick
A: large, unfitting armour, tough skin 1
a: Renounce Religion, Berserk, Trog's Hand


You were in the Dungeon.
You worshipped Trog.
Trog was pleased with you.
You visited 1 branch


Innate Abilities, Weirdness & Mutations

You are too large for most types of armour.
You have tough skin. (AC +1)


   Skills:
 + Level 4.9 Fighting
 * Level 3.8 Maces & Flails
 - Level 2.6 Dodging


You couldn't memorise any spells.
You didn't know any spells.
Your spell library was empty.

Inventory:

Hand Weapons
 a - a +0 mace (weapon)
Armour
 b - a +0 animal skin (worn)
Scrolls
 h - a scroll of blinking {@r3}
Potions
 c - a potion of curing {@q1}
 d - a potion of heal wounds {@q2}
 e - a potion of haste {@q3}
 f - 2 potions of magic
 g - a potion of berserk rage {!q}

Dungeon Overview and Level Annotations

Branches:
Dungeon (1/1)

Altars:
¦+¦ ¦.¦ ¦.¦ ¦h¦ ¦S¦ ¦g¦ ¦O¦

¦@¦
¦.¦
¦.¦
¦.¦
¦†¦
¦)¦
¦.¦
¦.¦
¦.¦


You could see an ogre, a gnoll sergeant, a hound and an adder.


Message History

You kill the bat!
Trog accepts your kill.
No target in view!
You see here a bat corpse.
No target in view!
HP restored.
You open the door.
A hound, an adder, a gnoll sergeant, an ogre and a bat skeleton come into view.
The gnoll sergeant shouts!
The ogre shouts!
The bat skeleton hits you but does no damage.
A red film seems to cover your vision as you go berserk!
You feel yourself moving faster!
You feel mighty!
The adder hisses angrily.
The bat skeleton hits you but does no damage. x2
The bat skeleton hits you.
You sock the bat skeleton!
You destroy the bat skeleton!
Trog accepts your kill.
You barely miss the ogre. The ogre closely misses you.
You barely miss the ogre.
The gnoll sergeant hits you from afar with a +0 spear!
The ogre barely misses you.
You sock the ogre! Your punch misses the ogre.
The ogre is moderately wounded.
The gnoll sergeant hits you from afar with a +0 spear.
You completely miss the ogre.
The ogre is moderately wounded.
The ogre hits you with a +0 giant club!!
Ouch! That really hurt!
You die...

Skill      XL: |  1 |
---------------+----+-----
Maces & Flails | 3 |  3.8
Fighting       | |  4.9
Dodging        | |  2.6

Action                   || total
-------------------------++-------
Melee: Mace              ||    14
Invok: Berserk           ||     1
Armor: Animal skin       ||     6
Dodge: Dodged            ||     3

Levels and vault maps discovered:
D:        linesprint [early_d, line_temple, items_1, d_10, items_2, lair_1,
          lair_end, items_3, orc_1, orc_end, items_4, d_15, swamp_1, shoals_1,
          snake_1, spider_1, d_20, vaults_1, items_5, swamp_end, shoals_end,
          snake_end, spider_end, vaults_end, d_27, items_6, zot_1, zot_end,
          crypt_end, forest_end, elf_end, slime_end, tomb_end, abyss_end,
          pan_hell_end]

Notes
Turn   | Place    | Note
-------+----------+-------------------------------------------
     0 | D        | browni3141 the Ogre Berserker began the quest for the Orb.
     0 | D        | Reached XP level 1. HP: 24/24 MP: 1/1
     5 | D        | Reached skill level 3 in Maces & Flails
     7 | D        | Banished a spatial maelstrom
     9 | D        | Reached ** piety under Trog
    40 | D        | Noticed a hound
    40 | D        | Noticed a gnoll sergeant
    40 | D        | Noticed an ogre
    46 | D        | Slain by an ogre

Vanquished Creatures
  A bat (D)
  A bat skeleton (D)
  2 goblins (D)
  A ball python (D)
  A rat (D)
6 creatures vanquished.

Table legend: (Time is in decaauts)
 A = Elapsed time spent in this place.
 B = Non-inter-level travel time spent in this place.
 C = Inter-level travel time spent in this place.
 D = Time resting spent in this place.
 E = Time spent auto-exploring this place.
 F = Levels seen in this place.
 G = Mean time per level.
                   A        B        C        D        E       F      G
               +--------+--------+--------+--------+--------+-----+--------+
         Total |     47 |     47 |      0 |      0 |     28 |   1 |   47.0 |
       Dungeon |     47 |     47 |      0 |      0 |     28 |   1 |   47.0 |
               +--------+--------+--------+--------+--------+-----+--------+

Top non-repeatable levels by time:
       D: 47 daAuts

Table legend:
 A = Non-vault XP
 B = Vault XP
 C = Vault XP percentage of total XP
 D = Non-vault monster count
 E = Vault monster count
 F = Vault count percentage of total count
                 A         B        C        D         E       F
            +---------+---------+-------+---------+---------+-------
      Total |       0 |       9 | 100.0 |       0 |       6 | 100.0
            +---------+---------+-------+---------+---------+-------
          D |       0 |       9 | 100.0 |       0 |       6 | 100.0
            +---------+---------+-------+---------+---------+-------
